 Dungeon Crawl Stone Soup version 0.28.0 (webtiles) character file.

Game seed: 5253126364750585966

991 386 the Skirmisher (level 8, -3/62 HPs)
             Began as a Human Fighter on Feb 17, 2022.
             Was an Initiate of Yredelemnul.
             Slain by an orc warrior (6 damage)
             ... on level 5 of the Dungeon.
             The game lasted 00:47:59 (6176 turns).

386 the Skirmisher (Human Fighter)                  Turns: 6176, Time: 00:48:00

Health: -3/62      AC: 11    Str: 18    XL:     8   Next: 41%
Magic:  9/9        EV:  9    Int: 10    God:    Yredelemnul [......]
Gold:   185        SH:  5    Dex: 12    Spells: 7/7 levels left

rFire   . . .      SeeInvis .   f - +2 whip (vamp)
rCold   . . .      Faith    .   c - +0 buckler
rNeg    . . .      Spirit   .   b - +0 scale mail
rPois   .          Reflect  .   (no helmet)
rElec   .          Harm     .   B - +1 cloak
rCorr   .          Rampage  .   A - +1 pair of gloves
Will    .....                   (no boots)
Stlth   ..........              (no amulet)
HPRegen 0.20/turn               (no ring)
MPRegen 0.11/turn               (no ring)

@: about to teleport
A: no striking features
a: Renounce Religion, Recall Undead Harvest


You were on level 5 of the Dungeon.
You worshipped Yredelemnul.
Yredelemnul was noncommittal.
You visited 2 branches of the dungeon, and saw 7 of its levels.

You collected 185 gold pieces.

Inventory:

Hand Weapons
 a - a +0 flail
 f - a +2 vampiric whip (weapon)
 s - a +0 hunting sling
 w - a +2 whip of holy wrath
Missiles
 j - 115 stones
 F - 4 poisoned darts (quivered)
Armour
 b - a +0 scale mail (worn)
 c - a +0 buckler (worn)
 m - a +0 plate armour
 A - a +1 pair of gloves (worn)
 B - a +1 cloak (worn)
 I - a +0 ring mail of poison resistance
Jewellery
 q - a ring of willpower
 v - an amulet of magic regeneration
 C - a ring of protection from cold
Wands
 J - a wand of polymorph (8)
Scrolls
 e - a scroll of noise
 g - 4 scrolls of teleportation
 h - a scroll of vulnerability {unknown}
 k - a scroll of summoning {unknown}
 l - a scroll of silence {unknown}
 n - 4 scrolls of fog
 o - a scroll of amnesia
 y - 2 scrolls of brand weapon {unknown}
 z - 3 scrolls of identify {unknown}
 D - a scroll of blinking {unknown}
 K - a scroll of immolation {unknown}
Potions
 d - a potion of might
 i - a potion of mutation {unknown}
 p - a potion of flight {unknown}
 r - a potion of heal wounds {unknown}
 t - 2 potions of curing
 u - a potion of attraction {unknown}
 x - a potion of invisibility {unknown}
 E - a potion of brilliance {unknown}
 G - a potion of haste {unknown}
 H - a potion of lignification {unknown}


   Skills:
 + Level 5.3 Fighting
 + Level 4.5 Maces & Flails
 - Level 2.0 Throwing
 + Level 5.2 Armour
 + Level 5.2 Shields
 - Level 2.0 Invocations


You had 7 spell levels left.
You didn't know any spells.
Your spell library contained the following spells:

 Spells                   Type           Power      Damage    Failure   Level
 Sandblast                Erth           0%         2d4       82%         1
 Sting                    Tmut/Pois      0%         1d3       82%         1
 Passwall                 Tmut/Erth      0%         N/A       91%         2
 Poisonous Vapours        Pois/Air       0%         N/A       91%         2
 Stone Arrow              Conj/Erth      0%         3d7       99%         3
 Olgreb's Toxic Radiance  Pois           0%         N/A       100%        4


Dungeon Overview and Level Annotations

Branches:
Dungeon (6/15)             Temple (1/1) D:5

Altars:
Ashenzari
Dithmenos
Elyvilon
Fedhas
Gozag
Hepliaklqana
Makhleb
Nemelex Xobeh
Okawaru
Qazlal
Ru
Sif Muna
Xom
Yredelemnul
Zin
The Shining One

Shops:
D:1 *

Annotations:
D:2 1 runed translucent door, Crazy Yiuf
D:6 Prince Ribbit


Message History

You climb downwards.
Level annotation: Prince Ribbit
There is a stone staircase leading up, spattered with blood here.
The orc warrior hits you from afar with a +0 glaive.
The orc priest looks satisfied for a moment.
You block the orc warrior's attack.
The orc warrior hits you with a +0 glaive!
The orc priest invokes the aid of Beogh against you.
Beogh smites you!
There is a stone staircase leading up, spattered with blood here.
You block the orc warrior's attack.
The orc priest looks braver for a moment.
You climb upwards.
There is a stone staircase leading down here.
You hit the orc warrior.
The orc warrior is moderately wounded.
The orc warrior barely misses you.
You hit the orc warrior.
You feel better.
The orc warrior is heavily wounded.
The orc warrior closely misses you.
You hit the orc warrior but do no damage.
The orc warrior is heavily wounded.
The orc warrior hits you with a +0 glaive!
You are too injured to fight recklessly!
You hit the orc warrior.
The orc warrior is heavily wounded.
The orc warrior completely misses you.
You closely miss the orc warrior.
The orc warrior is heavily wounded.
The orc warrior hits you with a +0 glaive.
You closely miss the orc warrior.
The orc warrior is heavily wounded.
The orc warrior hits you with a +0 glaive!
* * * LOW HITPOINT WARNING * * *
Okay, then.
As you read the scroll of teleportation, it crumbles to dust.
You feel strangely unstable.
The orc warrior hits you with a +0 glaive.
You die...
Your body rises from the dead as a mindless zombie.

.#.#####.###.###.............#
........................####.#
..............##..###...# #.#
...#####.........<###...####.#
##.# #####.................#
#.# #.###.####..#.....# #.#
#.# #.# #........#
#.#########.# #o# #.##.....#
#...........###@# #.##.....#
#............##.####.####.#.#
##....................# #.#.#
.[..#######...##.#########.#.#
##### ##.###..........)..# #
#........#.#.#..### #
#######.........# #
#..#.#.#..# # #.........#


You could see an orc warrior.

Vanquished Creatures
  Sigmund (D:3)
  Menkaure (D:6)
  Edmund (D:6)
  A water moccasin (D:6)
  A sky beast (D:5)
  Blork the orc (D:4)
  A scorpion (D:6)
  A centaur zombie (D:5)
  2 hounds
  2 iguanas (D:5)
  Ijyb (D:5)
  5 adders
  3 gnolls
  A worm (D:3)
  3 dart slugs
  An orc (D:5)
  4 ball pythons
  4 bats
  3 endoplasms
  A giant cockroach (D:1)
  5 goblins
  3 hobgoblins
  9 kobolds
  A quokka (D:1)
  3 frilled lizards
  7 rats
66 creatures vanquished.

Vanquished Creatures (collateral kills)
  A quokka (D:5)
1 creature vanquished.

Vanquished Creatures (others)
  A water moccasin zombie (D:6)
  An adder zombie (D:5)
2 creatures vanquished.

Grand Total: 69 creatures vanquished

Notes
Turn   | Place    | Note
-------+----------+-------------------------------------------
     0 | D:1      | 386 the Human Fighter began the quest for the Orb.
     0 | D:1      | Reached XP level 1. HP: 18/18 MP: 1/1
    54 | D:1      | Reached XP level 2. HP: 24/24 MP: 2/2
   421 | D:1      | Found Caschohu's General Store.
   843 | D:2      | Reached XP level 3. HP: 27/29 MP: 3/3
  1348 | D:2      | Reached XP level 4. HP: 29/35 MP: 4/4
  1586 | D:2      | Found a runed translucent door.
  1587 | D:2      | Noticed Crazy Yiuf
  1658 | D:2      | Found a sacrificial altar of Ru.
  2499 | D:3      | Reached XP level 5. HP: 41/42 MP: 5/5
  2975 | D:3      | Noticed Sigmund
  2994 | D:3      | Killed Sigmund
  2995 | D:3      | Reached XP level 6. HP: 26/48 MP: 6/6
  3614 | D:4      | Found a broken altar of Ashenzari.
  3673 | D:4      | Found a sacrificial altar of Ru.
  3832 | D:4      | Found a glowing golden altar of the Shining One.
  3850 | D:4      | Noticed Blork the orc
  3882 | D:4      | Killed Blork the orc
  3883 | D:4      | Reached XP level 7. HP: 55/55 MP: 7/7
  3998 | D:5      | Entered Level 5 of the Dungeon
  4065 | D:5      | Reached skill level 1 in Throwing
  4119 | D:5      | Found a staircase to the Ecumenical Temple.
  4126 | Temple   | Entered the Ecumenical Temple
  4153 | Temple   | Became a worshipper of Yredelemnul the Dark
  4630 | D:5      | Reached skill level 1 in Invocations
  4805 | D:5      | Noticed Ijyb
  4851 | D:5      | Killed Ijyb
  5204 | D:6      | Noticed Prince Ribbit
  5246 | D:6      | Noticed Edmund
  5291 | D:6      | Killed Edmund
  5301 | D:6      | Reached XP level 8. HP: 52/61 MP: 7/9
  5425 | D:6      | Noticed Menkaure
  5462 | D:6      | Killed Menkaure
  5463 | D:6      | Reached skill level 5 in Fighting
  5463 | D:6      | Reached skill level 5 in Armour
  5463 | D:6      | Reached skill level 5 in Shields
  6025 | D:6      | Found a white marble altar of Elyvilon.
  6027 | D:6      | Found a sparkling altar of Nemelex Xobeh.
  6175 | D:5      | HP: 2/62 [orc warrior (17)]
  6176 | D:5      | Slain by an orc warrior

Illustrated notes

Levels and vault maps discovered:
D:1:      pf_arrival_petrified_forest, layout_basic, serial_bayou,
          serial_bayou_lake_a, serial_bayou_lagoon_b, serial_bayou_pond_d,
          serial_bayou_pond_a, serial_shops, nicolae_shop_stone,
          hangedman_feature_mirror
D:2:      layout_basic, basic_altar, serial_bayou_pond_e,
          uniq_crazy_yiuf_cottage
D:3:      layout_basic, uniq_sigmund
D:4:      layout_basic, mainiacjoe_overflow_tiny_flanked, old_standard_altar,
          hangedman_ru_absence, serial_glass, glass_columns_b, glass_columns_a,
          uniq_blork_the_orc
D:5:      layout_loops_ring, minmay_temple_entry_gardened_gates, serial_glass,
          glass_columns_b, glass_columns_a, item_on_display_a, uniq_ijyb
D:6:      layout_cave_pods, chequers_temple_overflow_statue_of_worship,
          uniq_menkaure, uniq_edmund, uniq_prince_ribbit1
Temple:   minmay_freezing_vapour_temple

Skill      XL: |  1  2  3  4  5  6  7  8 |
---------------+-------------------------+-----
Maces & Flails | 3 4 |  4.5
Fighting       | 4 5 |  5.3
Armour         | 4 5 |  5.2
Shields        | 4 5 |  5.2
Throwing       | 1 2 |  2.0
Invocations    | 1 2 |  2.0

Action                   |  1- 3 |  4- 6 |  7- 9 || total
-------------------------+-------+-------+-------++-------
Melee: Flail             |    61 |   111 |       ||   172
       Whip              |       |    47 |   169 ||   216
Throw: Stone             |       |     5 |       ||     5
       Dart              |       |       |     8 ||     8
  Use: Scroll            |       |     4 |     1 ||     5
       Potion            |       |       |     1 ||     1
Armor: Scale mail        |    19 |    54 |    53 ||   126
Dodge: Dodged            |    32 |    73 |    57 ||   162
Block: Buckler           |    11 |    27 |    26 ||    64
